 Dungeon Crawl Stone Soup version 0.28.0-47-ge53b351184 (webtiles) character file.

Game seed: 302755144658250146

36 NinjaNoafa the Chopper (level 3, -3/29 HPs)
             Began as a Human Berserker on May 3, 2022.
             Was a Believer of Trog.
             Slain by an adder (4 damage)
             ... on level 2 of the Dungeon.
             The game lasted 00:01:39 (1206 turns).

NinjaNoafa the Chopper (Human Berserker)            Turns: 1206, Time: 00:01:40

Health: -3/29      AC:  2    Str: 19    XL:     3   Next: 57%
Magic:  3/3        EV: 12    Int:  7    God:    Trog [**....]
Gold:   73         SH:  0    Dex: 12    Spells: 2/2 levels left

rFire   . . .      SeeInvis +   a - +0 hand axe
rCold   . . .      Faith    .   (no shield)
rNeg    . . .      Spirit   .   b - +0 animal skin
rPois   .          Reflect  .   (no helmet)
rElec   .          Harm     .   (no cloak)
rCorr   .          Rampage  .   (no gloves)
Will    .....                   (no boots)
Stlth   +.........              (no amulet)
HPRegen 0.09/turn               d - ring of see invisible
MPRegen 0.08/turn               (no ring)

@: lethally poisoned (-3 -> -7), flying
A: no striking features
a: Renounce Religion, Berserk, Trog's Hand


You were on level 2 of the Dungeon.
You worshipped Trog.
Trog was pleased with you.
You visited 1 branch of the dungeon, and saw 2 of its levels.

You collected 73 gold pieces.

Inventory:

Hand Weapons
 a - a +0 hand axe (weapon)
Missiles
 e - 2 poisoned darts (quivered)
Armour
 b - a +0 animal skin (worn)
Jewellery
 d - a ring of see invisible (left hand)


   Skills:
 + Level 3.3 Fighting
 + Level 3.3 Axes
 + Level 2.4 Armour
 + Level 2.5 Dodging


You had 2 spell levels left.
You didn't know any spells.
Your spell library was empty.

Dungeon Overview and Level Annotations

Branches:
Dungeon (2/15)

Altars:


Message History

You hit the hobgoblin. The hobgoblin hits you. The adder bites you.
You hit the adder.
The adder is moderately wounded.
You barely miss the hobgoblin. The adder completely misses you.
The hobgoblin misses you.
You miss the adder.
The adder is moderately wounded.
You hit the hobgoblin.
You kill the hobgoblin!
Trog accepts your kill. The adder barely misses you. The adder bites you.
You are poisoned.
The adder poisons you!
You miss the adder.
The adder is moderately wounded.
You feel sick. The adder closely misses you.
You closely miss the adder.
The adder is moderately wounded.
You feel sick. The adder closely misses you. x2
You closely miss the adder.
The adder is moderately wounded.
You feel sick. The adder bites you.
Unknown command.
It was a potion of flight.
You feel very buoyant.
You fly up into the air.
You feel sick. The adder bites you.
* * * LOW HITPOINT WARNING * * *
You are lethally poisoned!
The adder poisons you! The adder barely misses you.
You aren't carrying any scrolls.
You hit the adder.
The adder is severely wounded.
* * * LOW HITPOINT WARNING * * *
You feel sick. The adder barely misses you.
Unknown command.
You miss the adder.
The adder is severely wounded.
* * * LOW HITPOINT WARNING * * *
You feel sick. The adder misses you. The adder bites you.
You die...

###...........#
#..# #.#####..####
#... #.#####...#
#.... #.........#
#.#.. #######...#
#.#... #...# #...#
#####...######...
..........@S......
................#.
..................
######...########.
#...# #...# #...#
#...#


You could see an adder.

Vanquished Creatures
  A dart slug (D:1)
  2 ball pythons
  3 endoplasms (D:1)
  2 giant cockroaches (D:1)
  5 goblins (D:1)
  8 hobgoblins
  2 kobolds (D:1)
  6 frilled lizards
  A rat (D:1)
30 creatures vanquished.

Notes
Turn   | Place    | Note
-------+----------+-------------------------------------------
     0 | D:1      | NinjaNoafa the Human Berserker began the quest for the Orb.
     0 | D:1      | Reached XP level 1. HP: 18/18 MP: 1/1
   378 | D:1      | Reached XP level 2. HP: 24/24 MP: 2/2
   505 | D:1      | Reached XP level 3. HP: 18/29 MP: 3/3
   971 | D:1      | Reached ** piety under Trog
  1009 | D:2      | Found a faded altar of an unknown god.
  1206 | D:2      | HP: 1/29 [poisoned by an adder]
  1206 | D:2      | Slain by an adder

Illustrated notes

Levels and vault maps discovered:
D:1:      dpeg_arrival_morbid_curiosity, layout_basic, minmay_3d_cube
D:2:      layout_loops_cross, nicolae_ecumenical_pavilion, fountainhead,
          kennysheep_donut

Action                   || total
-------------------------++-------
Melee: Hand axe          ||    62
       Punch             ||     1
Throw: Dart              ||     2
  Use: Potion            ||     1
 Stab: Sleeping          ||     2
Armor: Animal skin       ||     6
Dodge: Dodged            ||    46
